 Dungeon Crawl Stone Soup version 0.17-a0-764-gd40c196 (webtiles) character file.

429815 Fluffy the Bringer of Light (level 25, -10/204 HPs)
             Began as a Human Fighter on Apr 20, 2015.
             Was the Champion of the Shining One.
             Mangled by a stone giant (44 damage)
             ... on level 4 of the Vaults on Apr 23, 2015.
             The game lasted 04:46:12 (63189 turns).

Fluffy the Bringer of Light (Human Fighter)        Turns: 63189, Time: 04:46:12

Health: -10/204    AC: 39    Str: 16 (25) XL:     25   Next: 5%
Magic:  36/36      EV: 19    Int:  7 (17) God:    the Shining One [******]
Gold:   4242       SH: 30    Dex: 23 (25) Spells: 0 memorised, 24 levels left

rFire  + + +     SeeInvis +     E - +10 hammer of Hacking and Slashing {flame, rN+ MR+ Int+5}
rCold  + + +     Clarity  .     S - +3 plate armour {rC+}
rNeg   + + +     SustAb   .     a - +0 shield {reflect}
rPois  +         Gourm    .     Y - +2 helmet {SInv}
rElec  .         Spirit   .     M - +2 cloak
rCorr  .         Warding  .     b - +2 pair of fencer's gloves {LBl+4 SBl+4 EV+3 Dex+6}
rMut   .         Stasis   .     C - +1 pair of boots of Looneuc {rF+ rC++}
MR     ++...                    L - amulet of regeneration
Stlth  ..........               h - ring "Woudoed" {rF++ rC++ AC+4 Int-3}
                                l - ring "Zakki" {Wiz rPois rN+ Str+2 Int+3}

@: divine shield, about to teleport, flayed, very slightly contaminated, hasted,
glowing, studying Long Blades, very quick, very resistant to hostile
enchantments, extremely unstealthy
A: clever 1, deterioration 2, screaming 1, spit poison 1, strong 1
a: Spit Poison, Divine Shield, Cleansing Flame, Summon Divine Warrior, Renounce
Religion
}: 2/15 runes: serpentine, barnacled


You were on level 4 of the Vaults.
You worshipped the Shining One.
The Shining One was exalted by your worship.
You were very hungry.

You visited 8 branches of the dungeon, and saw 47 of its levels.
You visited the Abyss 1 time.
You also visited: Labyrinth and Ice Cave.

You collected 6331 gold pieces.
You spent 2089 gold pieces at shops.

Inventory:

Hand weapons
 D - a +5 demon blade of flaming
 E - the +10 hammer of Hacking and Slashing (weapon) {flame, rN+ MR+ Int+5}
   (You found it on level 6 of the Dungeon)

   It has been specially enchanted to burn those struck by it, causing extra
   injury to most foes and up to half again as much damage against particularly
   susceptible opponents.
   It affects your intelligence (+5).
   It protects you from negative energy.
   It affects your resistance to hostile enchantments.
Armour
 a - a +0 shield of reflection (worn)
 b - the +2 pair of fencer's gloves (worn) {LBl+4 SBl+4 EV+3 Dex+6}
   (You acquired it on level 5 of the Lair of Beasts)

   It affects your evasion (+3).
   It affects your dexterity (+6).
 C - the +1 pair of boots of Looneuc (worn) {rF+ rC++}
   (You found it on level 3 of the Elven Halls)

   It protects you from fire.
   It greatly protects you from cold.
 M - a +2 cloak (worn)
 S - a +3 plate armour of cold resistance (worn)
 Y - a +2 helmet of see invisible (worn)
Jewellery
 h - the ring "Woudoed" (right hand) {rF++ rC++ AC+4 Int-3}
   (You took it off a deep elf sorcerer on level 3 of the Elven Halls)

   [ring of protection]

   It affects your AC (+4).
   It affects your intelligence (-3).
   It greatly protects you from fire.
   It greatly protects you from cold.
 l - the ring "Zakki" (left hand) {Wiz rPois rN+ Str+2 Int+3}
   (You found it on level 3 of the Depths)

   [ring of wizardry]

   It improves your spell success rate.
   It affects your strength (+2).
   It affects your intelligence (+3).
   It protects you from poison.
   It protects you from negative energy.
 B - a +4 ring of slaying
 L - an amulet of regeneration (around neck)
 P - an uncursed amulet of resist mutation
 V - an uncursed amulet of resist corrosion
Magical devices
 c - a wand of disintegration (0)
 n - a wand of heal wounds (2)
 u - a wand of fireball (7)
 I - a wand of fireball (1)
 Q - a wand of fire (0)
 T - a wand of digging (12)
 U - a wand of cold (8)
Scrolls
 f - 14 scrolls of remove curse
 j - 6 scrolls of magic mapping
 m - 7 scrolls of recharging
 w - 15 scrolls of teleportation
 y - a scroll of holy word
 A - 6 scrolls of blinking
 G - 5 scrolls of enchant armour
 N - 18 scrolls of identify
 W - 3 scrolls of summoning
 Z - 5 scrolls of enchant weapon
Potions
 e - 3 potions of might
 g - a potion of resistance
 i - 27 potions of curing
 q - 11 potions of haste
 r - 11 potions of agility
 x - 3 potions of cancellation
 z - 8 potions of flight
 R - 6 potions of restore abilities
Books
 o - a manual of Long Blades
Miscellaneous
 F - a stone of tremors
 H - a phial of floods
 X - a fan of gales
Comestibles
 d - 31 bread rations
 p - 20 meat rations
 J - 34 beef jerkies
 K - a slice of pizza
 O - 4 royal jellies


   Skills:
 + Level 18.1 Fighting
 - Level 9.6(13.6) Long Blades
 - Level 12.8 Maces & Flails
 + Level 18.0 Armour
 - Level 15.8 Dodging
 - Level 18.3 Shields
 + Level 19.6 Invocations


You had 24 spell levels left.
You didn't know any spells.

Dungeon Overview and Level Annotations

Branches:
Dungeon (15/15)            Temple (0/1) D:6            Lair (8/8) D:8
 Shoals (5/5) Lair:5        Snake (5/5) Lair:5        Slime (0/6) Lair:7
    Orc (4/4) D:9             Elf (3/3) Orc:4        Vaults (4/5) D:13
  Crypt (0/3) Vaults:2     Depths (3/5) D:15

Altars:
Ashenzari
Cheibriados
Dithmenos
Elyvilon
Fedhas
Gozag
Kikubaaqudgha
Makhleb
Okawaru
Qazlal
Ru
Sif Muna
Trog
Vehumet
Yredelemnul
Zin
The Shining One
Jiyva

Shops:
D:10 (   D:13 *   Orc:1 }   Orc:3 %   Orc:4 [*:(   Elf:2 [   Vaults:2 [
Vaults:3 %!%!%

Portals:
Hell: Depths:1 Depths:2 Depths:3
Ziggurat: Depths:1
Trove: D:12 (give +6 demon whip)

Annotations:
Lair:1 exclusion: 2 oklob plants
Lair:6 exclusion: oklob plant
Vaults:3 Jory


Innate Abilities, Weirdness & Mutations

Your mind is acute. (Int +2)
Your body is deteriorating.
You occasionally shout uncontrollably at your foes.
You can spit weak poison.
Your muscles are strong. (Str +2)


Message History

The deep elf demonologist is recalled.
You block the stone giant's attack.
The vault sentinel blows a loud note on a signal horn!
You shout at the ironheart preserver!
A deep elf demonologist and an ironheart preserver come into view.
You hit the deep troll but do no damage.
The deep troll is severely wounded.
You block the deep troll's attack. x3
The vault guard hits you with a battleaxe!
* * * LOW HITPOINT WARNING * * *
The stone giant hits you!
* * * LOW HITPOINT WARNING * * *
You block the vault warden's attack.
Drink which item? (? for menu, Esc to quit)
You feel much better. You block the deep troll's attack.
You block the deep troll's attack. The deep troll completely misses you.
The flayed ghost stares at you with tortured malice.
Read which item? (? for menu, Esc to quit)
As you read the scroll of teleportation, it crumbles to dust.
You feel strangely unstable. The stone giant hits you!!!
You die...

#.....([....#..##''##..#
#.....)))...#..........+
#...........#..........#
#..#####'#..############
#. #.....#..# #
#.....#..# #.....#..#
###+#######


#.eppT@C# #.##p##p# #.##(##p# #...T.Op# . #.##.##W####..... #.##.##ts.e....#
+.....pT'?p....+ ######'##......# . ###.... You could see 2 ironheart
preservers, a stone giant, a vault warden, a vault guard, a flayed ghost, a
ghost crab, a wolf spider, 2 deep trolls, a deep elf demonologist, a vault
sentinel and an ironbrand convoker.

Vanquished Creatures
  Boris (Vaults:3)
  Norris (Depths:2)
  Saint Roka (Depths:1)
  A caustic shrike (Depths:3)
  Nikola (Snake:4)
  Jorgrun (Elf:3)
  2 liches
  Asterion (Depths:2)
  3 deep elf blademasters (Elf:2)
  4 sphinxes
  A kraken (Shoals:4)
  A tentacled starspawn (Abyss:2)
  Agnes (Snake:4)
  Frances (D:14)
  2 tengu reavers
  7 greater nagas
  Roxanne (Snake:4)
  Wiglaf (Vaults:2)
  Donald (Shoals:2)
  7 fire giants
  10 vault wardens
  3 deep elf sorcerers
  Aizul (Shoals:2)
  3 frost giants
  2 balrugs
  An orc warlord (Orc:4)
  3 ghouls
  5 very ugly things
  A spriggan defender (Depths:3)
  6 ironheart preservers
  The ghost of Voda the Nimble, a powerful TrCK of Xom (IceCv)
  13 stone giants
  Nessos (D:14)
  9 rakshasas
  13 deep elf demonologists
  6 deep elf annihilators
  A vampire knight (Depths:3)
  4 ettins
  4 merfolk javelineers
  7 deep elf death magi
  A minotaur (Lab)
  7 fire dragons
  2 merfolk impalers
  15 vault guards
  Josephine (Orc:2)
  3 entropy weavers (Depths:1)
  6 yaktaur captains
  5 ice dragons
  Harold (Lair:2)
  5 great orbs of eyes
  Erolcha (D:10)
  8 naga warriors
  2 catoblepae (Lair:7)
  5 hydras
  4 merfolk avatars
  9 anacondas
  2 spriggan air magi (Depths:2)
  A salamander stormcaller (Vaults:3)
  8 ogre magi
  A centaur warrior (Depths:2)
  5 deep troll shamans
  17 dancing weapons (Elf:2)
  2 merfolk aquamancers (Shoals:5)
  6 tengu warriors
  2 deep troll earth magi
  A titan zombie (D:15)
  12 death yaks
  Urug (D:11)
  4 orc high priests
  4 spriggan berserkers
  3 shock serpents
  10 naga sharpshooters
  2 thrashing horrors (Abyss:2)
  Sonja (D:10)
  2 sun demons (Depths:1)
  An iron troll (Depths:2)
  8 skeletal warriors
  16 deep elf knights
  A wretched star (Abyss:2)
  A storm dragon zombie (D:15)
  3 ice devils
  A fire crab (Vaults:2)
  A golden dragon zombie (D:15)
  A fire crab (shapeshifter) (Vaults:2)
  15 hell knights
  A salamander mystic (Snake:5)
  29 sea snakes
  A deep troll (shapeshifter) (Depths:3)
  2 phantasmal warriors (Depths:3)
  2 flayed ghosts
  A giant orange brain (Vaults:2)
  6 deep trolls
  3 ice statues
  6 naga ritualists
  14 deep elf summoners
  An unseen horror (Vaults:1)
  23 hill giants
  8 orc knights
  A tengu zombie (Depths:2)
  10 ironbrand convokers
  10 necromancers
  A harpy (shapeshifter) (Elf:1)
  22 harpies
  11 cyclopes
  An oklob plant (Shoals:1)
  A sixfirhy (Depths:2)
  A stone giant zombie (Vaults:1)
  7 fauns
  3 salamanders (Snake:4)
  7 deep elf conjurers
  17 griffons
  7 mana vipers
  2 orc sorcerers
  2 octopodes (shapeshifter)
  5 wolf spiders
  48 ugly things
  3 hornets
  14 water nymphs
  6 centaur zombies
  10 manticores
  42 black mambas
  10 elephants
  25 naga magi
  Maurice (Orc:4)
  10 sirens
  An orange demon (Abyss:2)
  A stone giant skeleton (Vaults:3)
  A rust devil (Depths:2)
  12 vault sentinels
  6 drowned souls
  A storm dragon simulacrum (Vaults:1)
  2 spriggan zombies
  5 centaur skeletons
  10 komodo dragons
  2 fire drakes
  2 gargoyles (D:13)
  3 kobold demonologists
  3 guardian serpents
  5 tengu conjurers
  13 spiny frogs
  3 freezing wraiths
  An efreet (D:13)
  2 guardian mummies
  3 large abominations
  23 yaktaurs
  4 hellwings (Depths:2)
  A jumping spider (Elf:1)
  7 blue devils
  A minotaur zombie (Lab)
  30 merfolk
  13 deep elf priests
  A two-headed ogre (shapeshifter) (D:14)
  13 trolls
  A baby alligator (shapeshifter) (Depths:3)
  The ghost of asdu the Chiller, an average NaIE (D:4)
  12 two-headed ogres
  A polar bear (shapeshifter) (Elf:3)
  9 polar bears
  A jumping spider (shapeshifter) (Depths:2)
  Grinder (D:4)
  21 slime creatures
  6 wind drakes
  14 ravens
  17 blink frogs
  2 boulder beetles
  A hornet zombie (D:15)
  6 small abominations
  A shadow (D:13)
  2 raiju (Lair:8)
  12 redbacks
  8 snapping turtles
  2 spriggans (shapeshifter)
  2 trapdoor spiders
  2 tarantellas
  2 air elementals (Depths:2)
  15 deep elf magi
  7 vampire mosquitoes
  A spriggan skeleton (Depths:2)
  60 yaks
  4 spriggans
  12 water elementals
  34 wolves
  27 deep elf fighters
  A basilisk (shapeshifter) (Vaults:2)
  2 wyverns
  A hog (shapeshifter) (Depths:3)
  Grum (D:10)
  6 wraiths
  11 hippogriffs
  2 hungry ghosts (D:13)
  4 basilisks
  2 mottled dragons
  20 wargs
  3 hell hounds (Lair:8)
  3 neqoxecs
  42 water moccasins
  40 nagas
  7 porcupines
  13 black bears
  2 ettin simulacra
  A necrophage (D:13)
  40 orc warriors
  A swamp drake (shapeshifter) (Depths:1)
  A dwarf (shapeshifter) (Elf:2)
  A human zombie (Vaults:1)
  30 ogres
  10 sky beasts
  4 ice beasts
  3 wasps
  4 eyes of draining
  6 boggarts
  6 centaurs
  12 crocodiles
  4 phantoms
  A boring beetle (Lair:8)
  3 brain worms
  A salamander simulacrum (Vaults:2)
  A big kobold (D:11)
  20 giant frogs
  A human skeleton (Vaults:3)
  29 jellies
  3 wyvern zombies
  6 scorpions
  A water moccasin skeleton (D:10)
  A wyvern skeleton (D:10)
  A killer bee (D:13)
  9 wights
  2 quasits
  6 crimson imps
  13 electric eels
  A giant frog zombie (D:6)
  A wyvern simulacrum (D:13)
  4 draconian simulacra (IceCv)
  19 hounds
  Crazy Yiuf (D:6)
  7 giant frog skeletons
  24 orc priests
  25 orc wizards
  7 iguanas
  8 hell rats
  A troll simulacrum (IceCv)
  14 worker ants
  33 sheep
  2 killer bee zombies
  A centaur simulacrum (IceCv)
  A hound skeleton (D:7)
  2 mummies (D:14)
  3 naga simulacra (IceCv)
  11 adders
  An ogre simulacrum (IceCv)
  40 river rats
  2 shadow imps
  12 white imps (D:13)
  2 giant eyeballs (Depths:3)
  2 adder zombies
  2 adder skeletons
  A worm (D:2)
  148 orcs
  3 ball pythons
  A bat skeleton (D:4)
  2 giant cockroaches
  11 hobgoblins
  12 jackals
  6 quokkas
  15 bats
  3 giant geckos
  2 giant newts
  2 giant spores
  21 goblins
  A jackal zombie (D:7)
  18 kobolds
  11 rats
  9 ballistomycetes
  A bush (Lair:3)
  3 fungi
  5 plants
  A starspawn tentacle (Abyss:2)
  6 tentacles
2056 creatures vanquished.

Vanquished Creatures (collateral kills)
  Mara (Snake:4)
  A player illusion (Snake:4)
  Ilsuiw (Shoals:5)
  A merfolk javelineer (Shoals:5)
  A merfolk impaler (Shoals:5)
  An ugly thing (Depths:1)
  2 naga magi (Snake:5)
  A merfolk (Shoals:5)
  A water elemental (Shoals:5)
  2 nagas
12 creatures vanquished.

Vanquished Creatures (others)
  Vashnia (Snake:2)
  2 deep elf master archers (Elf:3)
  2 daevas
  2 angels
  3 merfolk javelineers (Shoals:5)
  A vault guard (Vaults:4)
  A centaur warrior (Depths:2)
  2 satyrs
  3 naga sharpshooters (Snake:2)
  2 ironbrand convokers (Vaults:3)
  A sphinx zombie (Vaults:3)
  2 necromancers
  A guardian serpent (shapeshifter) (Vaults:3)
  25 drowned souls
  3 naga magi
  8 yaktaurs
  A raven (Depths:1)
  A yak (D:14)
  A naga (Snake:2)
  An orc warrior (Vaults:3)
  5 lost souls
  A centaur (Shoals:2)
  A jelly (D:10)
  A human simulacrum (Vaults:2)
  A shadow imp (D:10)
  4 orcs
  2 giant spores (D:15)
  2 bushes (Lair:7)
  11 fungi
  16 plants
  A starspawn tentacle (Abyss:2)
  A starspawn tentacle segment (Abyss:2)
  12 tentacles
  1397 tentacle segments
1518 creatures vanquished.

Grand Total: 3586 creatures vanquished

Notes
Turn   | Place    | Note
--------------------------------------------------------------
     0 | D:1      | Fluffy, the Human Fighter, began the quest for the Orb.
     0 | D:1      | Reached XP level 1. HP: 18/18 MP: 1/1
   263 | D:1      | Reached XP level 2. HP: 20/24 MP: 2/2
   541 | D:1      | Found a glowing golden altar of the Shining One.
   959 | D:1      | Became a worshipper of the Shining One
  1140 | D:2      | Reached XP level 3. HP: 29/29 MP: 3/3
  1603 | D:3      | Found a stormy altar of Qazlal.
  1646 | D:3      | Reached XP level 4. HP: 36/36 MP: 4/4
  1915 | D:3      | Found a radiant altar of Vehumet.
  2199 | D:4      | Reached skill level 4 in Fighting
  2199 | D:4      | Reached XP level 5. HP: 37/42 MP: 5/5
  2307 | D:4      | Noticed asdu's ghost (average NaIE)
  2315 | D:4      | Killed asdu's ghost
  2315 | D:4      | Reached XP level 6. HP: 49/49 MP: 5/7
  2319 | D:4      | Noticed Grinder
  2321 | D:4      | Acquired the Shining One's first power
  2325 | D:4      | Killed Grinder
  2325 | D:4      | Reached XP level 7. HP: 52/55 MP: 5/9
  2386 | D:4      | Noticed a troll
  2611 | D:4      | Reached skill level 5 in Fighting
  2611 | D:4      | Reached skill level 5 in Armour
  2848 | D:4      | Found a snail-covered altar of Cheibriados.
  2901 | D:4      | Found a glowing golden altar of the Shining One.
  2909 | D:4      | Killed a troll
  2909 | D:4      | Reached XP level 8. HP: 49/63 MP: 9/11
  3096 | D:4      | Found a shattered altar of Ashenzari.
  3096 | D:4      | Found an opulent altar of Gozag.
  3100 | D:4      | Gained mutation: Your mind is acute. (Int +2) [potion of beneficial mutation]
  3292 | D:5      | Entered Level 5 of the Dungeon
  3296 | D:5      | Reached skill level 5 in Long Blades
  3306 | D:5      | Found a white marble altar of Elyvilon.
  4067 | D:5      | You fall through a shaft for 2 floors!
  4161 | D:7      | Reached skill level 6 in Armour
  4607 | D:6      | Reached XP level 9. HP: 67/69 MP: 12/12
  4726 | D:6      | Reached skill level 5 in Invocations
  4902 | D:6      | Acquired the Shining One's second power
  5085 | D:6      | Noticed Crazy Yiuf
  5104 | D:6      | Killed Crazy Yiuf
  5214 | D:6      | Got a dazzling hammer
  5215 | D:6      | Identified the +10 hammer of Hacking and Slashing {flame, rN+ MR+ Int+5} (You found it on level 6 of the Dungeon)
  5355 | D:6      | Found a deep blue altar of Sif Muna.
  5396 | D:6      | Found a staircase to the Ecumenical Temple.
  5562 | D:6      | Reached skill level 1 in Maces & Flails
  6023 | D:7      | Got a smoking robe
  6681 | D:7      | Found a blossoming altar of Fedhas.
  6759 | D:8      | Found a sacrificial altar of Ru.
  6778 | D:8      | Reached skill level 7 in Armour
  6822 | D:8      | Found a staircase to the Lair.
  6950 | D:8      | Reached XP level 10. HP: 68/79 MP: 14/14
  6977 | D:8      | Noticed a hill giant
  6985 | D:8      | Killed a hill giant
  7132 | D:8      | Found a shadowy altar of Dithmenos.
  7188 | D:8      | Found an iron altar of Okawaru.
  7423 | D:8      | Reached skill level 8 in Armour
  7533 | D:8      | Identified the +2 robe of Hedging {MP+9 Int+3 Dex+4} (You found it on level 7 of the Dungeon)
  7575 | Lair:1   | Entered Level 1 of the Lair of Beasts
  7581 | Lair:1   | Noticed a spiny frog
  7587 | Lair:1   | Killed a spiny frog
  8096 | Lair:1   | Noticed a spiny frog
  8098 | Lair:1   | Noticed a black mamba
  8102 | Lair:1   | Killed a spiny frog
  8105 | Lair:1   | Killed a black mamba
  8147 | Lair:1   | Noticed an oklob plant
  8147 | Lair:1   | Noticed an oklob plant
  8246 | Lair:1   | Noticed a spiny frog
  8252 | Lair:1   | Killed a spiny frog
  8252 | Lair:1   | Reached skill level 5 in Maces & Flails
  8252 | Lair:1   | Reached XP level 11. HP: 85/87 MP: 17/17
  8301 | Lair:1   | Reached skill level 9 in Armour
  8648 | Lair:1   | Noticed a spiny frog
  8651 | Lair:1   | Killed a spiny frog
  8983 | Lair:1   | Noticed a spiny frog
  8990 | Lair:1   | Killed a spiny frog
  9200 | Lair:1   | Noticed a spiny frog
  9201 | Lair:1   | Noticed a spiny frog
  9216 | Lair:1   | Killed a spiny frog
  9225 | Lair:1   | Killed a spiny frog
  9917 | Lair:2   | Noticed Harold
  9929 | Lair:2   | Killed Harold
 10152 | Lair:2   | Reached XP level 12. HP: 33/97 MP: 19/19
 10477 | Lair:2   | Reached skill level 10 in Armour
 10477 | Lair:2   | Reached skill level 10 in Invocations
 10916 | Lair:2   | Got a scorched broad axe
 10917 | Lair:2   | Identified the +2 broad axe of the Puffin {chop, Str+4} (You found it on level 2 of the Lair of Beasts)
 11094 | Lair:2   | Reached skill level 10 in Fighting
 11976 | Lair:4   | Found a labyrinth entrance.
 11982 | Lab      | Entered a labyrinth
 12136 | Lab      | Noticed a minotaur
 12146 | Lab      | Killed a minotaur
 12149 | Lab      | Got a heavily runed steel ring
 12197 | Lair:4   | Identified a cursed +4 rod of the swarm (10/10) (You found it in a labyrinth)
 12201 | Lair:4   | Identified the ring "Kihiy" {-Tele Contam MR+ Int+9 Stlth+} (You found it in a labyrinth)
 12321 | Lair:4   | Gained mutation: You occasionally shout uncontrollably at your foes. [mutagenic glow]
 12694 | Lair:4   | Acquired the Shining One's third power
 12723 | Lair:4   | Reached skill level 11 in Invocations
 13052 | Lair:5   | Found a staircase to the Shoals.
 13058 | Lair:5   | Reached XP level 13. HP: 104/104 MP: 21/21
 13245 | Lair:5   | Identified a scroll of acquirement
 13264 | Lair:5   | Noticed a five-headed hydra
 13274 | Lair:5   | Killed a five-headed hydra
 13576 | Lair:5   | Found a staircase to the Snake Pit.
 15058 | Lair:7   | Reached skill level 12 in Invocations
 15125 | Lair:7   | Found a viscous altar of Jiyva.
 15125 | Lair:7   | Found a staircase to the Slime Pits.
 15138 | Lair:7   | Reached skill level 10 in Maces & Flails
 15381 | Lair:7   | Reached XP level 14. HP: 80/114 MP: 23/23
 16536 | Lair:8   | Entered Level 8 of the Lair of Beasts
 16914 | Lair:8   | Reached skill level 13 in Invocations
 17069 | Lair:8   | Acquired the Shining One's fourth power
 17387 | Lair:8   | Reached XP level 15. HP: 34/122 MP: 23/25
 18766 | D:9      | Found a staircase to the Orcish Mines.
 18881 | Orc:1    | Entered Level 1 of the Orcish Mines
 18967 | Orc:1    | Found Okaulug's Gadget Emporium.
 19315 | Orc:2    | Noticed Josephine
 19330 | Orc:2    | Killed Josephine
 19400 | Orc:2    | You fall through a shaft for 2 floors!
 19400 | Orc:4    | Entered Level 4 of the Orcish Mines
 19400 | Orc:4    | Found Hyid's Antique Armour Shoppe.
 19421 | Orc:3    | Found a bloodstained altar of Trog.
 19953 | Orc:3    | Found Ifi Fer's Food Shoppe.
 20998 | Orc:3    | Reached skill level 14 in Invocations
 21155 | Orc:3    | Noticed a fire giant
 21167 | Orc:3    | The Shining One protects you from harm!
 21180 | Orc:3    | Killed a fire giant
 21338 | Orc:3    | Got a shimmering battleaxe
 21357 | Orc:3    | Identified the +10 battleaxe of the Gloaming {chop, Contam rPois Dex+3} (You found it on level 3 of the Orcish Mines)
 21358 | Orc:3    | Identified a +4 rod of the swarm (10/10) (You found it on level 8 of the Lair of Beasts)
 21396 | Orc:3    | Gained mutation: Your body is slowly deteriorating. [mutagenic glow]
 21609 | Orc:4    | Paralysed by an orc sorcerer for 5 turns
 21933 | Orc:4    | Found Deiqaem's General Store.
 22043 | Orc:4    | Bought a runed helmet for 112 gold pieces
 22074 | Orc:4    | Found Polugie's Book Shoppe.
 22082 | Orc:4    | Found a staircase to the Elven Halls.
 22139 | Orc:4    | Noticed Maurice
 22147 | Orc:4    | Killed Maurice
 22200 | Orc:4    | Noticed an orc warlord
 22255 | Orc:4    | Reached XP level 16. HP: 106/131 MP: 23/26
 22357 | Orc:4    | Killed an orc warlord
 22432 | Orc:4    | Found Veliusme's Antique Weapon Shop.
 22653 | Orc:4    | Found a burning altar of Makhleb.
 22696 | Orc:4    | Bought a warped long sword for 297 gold pieces
 22696 | Orc:4    | Identified the +5 long sword "Cefoc" {drain, MP+9} (You bought it in a shop on level 4 of the Orcish Mines)
 22745 | Orc:4    | Bought 2 potions of curing for 90 gold pieces
 22745 | Orc:4    | Bought a scroll of holy word for 112 gold pieces
 22859 | D:10     | Entered Level 10 of the Dungeon
 23147 | D:10     | Noticed Grum
 23171 | D:10     | Killed Grum
 23853 | D:10     | Noticed Sonja
 23866 | D:10     | Killed Sonja
 23875 | D:10     | Noticed Erolcha
 23884 | D:10     | Cast into the Abyss (Erolcha)
 23924 | Abyss:2  | Noticed a tentacled starspawn
 23941 | Abyss:2  | Killed a tentacled starspawn
 24056 | Abyss:2  | Gained mutation: Your body is deteriorating. [a neqoxec]
 24112 | Abyss:2  | Reached skill level 1 in Dodging
 24156 | Abyss:2  | HP: 1/133 [white very ugly thing (34)]
 24197 | D:10     | Escaped the Abyss
 24208 | D:10     | Killed Erolcha
 24430 | D:10     | Found Dykur's Weapon Emporium.
 24911 | D:11     | Reached skill level 15 in Invocations
 25118 | D:11     | Noticed Urug
 25131 | D:11     | Killed Urug
 25205 | D:11     | Found a deep blue altar of Sif Muna.
 25411 | D:12     | Found a portal to a secret trove of treasure.
 25693 | D:12     | Lost intelligence.
 25886 | D:12     | Found a shadowy altar of Dithmenos.
 25964 | D:12     | Lost intelligence.
 26261 | D:13     | Found a gate to the Vaults.
 26432 | D:13     | Found a frozen archway.
 26470 | IceCv    | Entered an ice cave
 26470 | IceCv    | Noticed Voda's ghost (powerful TrCK)
 26487 | IceCv    | Killed Voda's ghost
 26487 | IceCv    | Reached skill level 5 in Shields
 26500 | IceCv    | Reached XP level 17. HP: 139/139 MP: 28/28
 26887 | D:13     | Found Lasel's Assorted Antiques.
 26900 | D:13     | Bought a glowing cloak for 121 gold pieces
 27618 | D:14     | Noticed Nessos
 27623 | D:14     | Noticed Frances
 27644 | D:14     | HP: 6/139 [smoke demon/divine providence[Frances] (13)]
 27930 | D:14     | Killed Frances
 28190 | D:14     | Reached skill level 5 in Dodging
 28576 | D:14     | Killed Nessos
 28704 | D:15     | Entered Level 15 of the Dungeon
 28710 | D:15     | Found a staircase to the Depths.
 28861 | D:15     | Got a shimmering granite ring
 28863 | D:15     | Identified the cursed ring "Ylavut" {MR+ MP+9 Str-3} (You found it on level 15 of the Dungeon)
 29419 | D:15     | Found an opulent altar of Gozag.
 30589 | Shoals:1 | Entered Level 1 of the Shoals
 30601 | Shoals:1 | Found a glowing silver altar of Zin.
 30619 | Shoals:1 | Reached XP level 18. HP: 147/147 MP: 29/29
 30863 | Shoals:1 | Reached skill level 16 in Invocations
 30877 | Shoals:1 | Got a crystal long sword
 30878 | Shoals:1 | Identified the +1 long sword of the Purple Skies {flame, rPois} (You found it on level 1 of the Shoals)
 31343 | Shoals:1 | Gained mutation: You can spit weak poison. [potion of beneficial mutation]
 31673 | Shoals:2 | Noticed Donald
 31716 | Shoals:2 | HP: 5/148 [merfolk javelineer/javelin of penetration (5)]
 31937 | Shoals:2 | Killed Donald
 32074 | Shoals:2 | Noticed Aizul
 32106 | Shoals:2 | Killed Aizul
 32735 | Shoals:2 | Reached skill level 15 in Armour
 32742 | Shoals:2 | HP: 6/148 [harpy (8)]
 33235 | Shoals:3 | Reached skill level 15 in Fighting
 34982 | Shoals:4 | Reached XP level 19. HP: 144/155 MP: 31/31
 35130 | Shoals:3 | HP: 1/155 [drowned by a water nymph (9)]
 35424 | Shoals:4 | Upgraded the game from 0.17-a0-725-gfa8c127 to 0.17-a0-755-g4391640
 35488 | Shoals:5 | Entered Level 5 of the Shoals
 36111 | Shoals:5 | Noticed Ilsuiw
 36195 | Shoals:5 | Killed Ilsuiw
 36496 | Shoals:5 | Identified the Volume of Flying Evil Rituals
 36750 | Shoals:5 | Reached skill level 10 in Shields
 36835 | Shoals:5 | Got a barnacled rune of Zot
 37694 | Elf:1    | Entered Level 1 of the Elven Halls
 38354 | Elf:2    | Reached skill level 10 in Dodging
 38488 | Elf:2    | Found Sasub's Armour Emporium.
 38529 | Elf:2    | Found a runed gate.
 38540 | Elf:2    | Found a runed gate.
 38540 | Elf:2    | Found a runed gate.
 39487 | Elf:2    | Reached XP level 20. HP: 159/162 MP: 32/32
 39739 | Elf:3    | Entered Level 3 of the Elven Halls
 40838 | Elf:3    | Got a heavily runed leather armour
 40854 | Elf:3    | Identified the +1 leather armour of the Lion {rC- rN+++ Int-4 Slay+2} (You took it off a deep elf death mage on level 3 of the Elven Halls)
 41385 | Elf:3    | Got a steaming bronze ring
 41387 | Elf:3    | Identified the ring "Woudoed" {rF++ rC++ AC+4 Int-3} (You took it off a deep elf sorcerer on level 3 of the Elven Halls)
 41436 | Elf:3    | Noticed Jorgrun
 41465 | Elf:3    | Killed Jorgrun
 41582 | Elf:3    | Lost intelligence.
 41683 | Elf:3    | Noticed a Brimstone Fiend
 41926 | Elf:3    | Got a pair of dazzling boots
 41937 | Elf:3    | Identified the +1 pair of boots of Looneuc {rF+ rC++} (You found it on level 3 of the Elven Halls)
 41988 | Elf:3    | Got a pair of faintly humming boots
 41999 | Elf:3    | Identified the +0 pair of boots of Nastrul {rF- rN+ Slay+3 Stlth+} (You found it on level 3 of the Elven Halls)
 43499 | Depths:1 | Entered Level 1 of the Depths
 43726 | Depths:1 | Found a gateway to a ziggurat.
 44068 | Depths:1 | Reached XP level 21. HP: 143/168 MP: 33/33
 44175 | D:15     | HP: 6/168 [redback (6)]
 44870 | Depths:1 | Found a gateway to Hell.
 44991 | Depths:1 | Reached skill level 15 in Shields
 46272 | Depths:2 | Noticed Norris
 46300 | Depths:2 | Killed Norris
 46462 | Depths:2 | Reached skill level 17 in Shields
 46478 | Depths:2 | Reached skill level 15 in Dodging
 46512 | Depths:2 | Noticed Saint Roka
 46830 | Depths:1 | Killed Saint Roka
 47090 | Depths:2 | Reached XP level 22. HP: 175/175 MP: 34/34
 47120 | Depths:2 | Noticed Asterion
 47334 | Depths:2 | Reached skill level 18 in Shields
 47598 | Depths:2 | Killed Asterion
 48209 | Depths:2 | Upgraded the game from 0.17-a0-755-g4391640 to 0.17-a0-764-gd40c196
 48396 | Depths:3 | Got a transparent marble ring
 48398 | Depths:3 | Identified the ring "Hifubeap" {+/*Tele rN++ Str-3 SInv} (You took it off a vampire knight on level 3 of the Depths)
 48436 | Depths:3 | Paralysed by a giant eyeball for 3 turns
 48713 | Depths:3 | Noticed a caustic shrike
 48746 | Depths:3 | Killed a caustic shrike
 48884 | Depths:3 | Paralysed by a giant eyeball for 2 turns
 48887 | Depths:3 | Paralysed by a giant eyeball for 2 turns
 49002 | Depths:3 | Got a vibrating amber ring
 49004 | Depths:3 | Identified the ring "Zakki" {Wiz rPois rN+ Str+2 Int+3} (You found it on level 3 of the Depths)
 49084 | Depths:3 | Paralysed by a sphinx for 6 turns
 49119 | Depths:3 | HP: 7/176 [sphinx/divine providence (12)]
 49121 | Depths:3 | Paralysed by a sphinx for 2 turns
 49131 | Depths:3 | Paralysed by a sphinx for 3 turns
 49137 | Depths:3 | HP: 2/176 [sphinx (25)]
 49934 | Snake:1  | Entered Level 1 of the Snake Pit
 50060 | Snake:1  | Found a deep blue altar of Sif Muna.
 50716 | Snake:2  | Noticed Vashnia
 50818 | Snake:2  | Killed Vashnia
 51951 | Snake:3  | You fall through a shaft!
 51955 | Snake:4  | Reached XP level 23. HP: 178/183 MP: 35/35
 52022 | Snake:4  | Noticed Agnes
 52048 | Snake:4  | Killed Agnes
 52082 | Snake:4  | Got an ancient war axe
 52083 | Snake:4  | Identified the +9 war axe "Nypum" {antimagic, rC- rN+ MR+ Dex+4} (You found it on level 4 of the Snake Pit)
 52195 | Snake:4  | Found a stormy altar of Qazlal.
 52195 | Snake:4  | Noticed Mara
 52199 | Snake:4  | Noticed Fluffy's illusion
 52467 | Snake:3  | Found a snail-covered altar of Cheibriados.
 53572 | Snake:4  | Noticed Roxanne
 53647 | Snake:4  | Noticed Nikola
 53653 | Snake:4  | HP: 8/184 [Nikola/chain lightning (30)]
 53653 | Snake:4  | The Shining One protects you from harm!
 53653 | Snake:4  | The Shining One protects you from harm!
 54117 | Snake:4  | Noticed Fluffy's illusion
 54519 | Snake:4  | Killed Nikola
 54751 | Snake:4  | Killed Roxanne
 54753 | Snake:4  | Identified Roxanne's Incunabulum of Transmutation and Clay (You took it off Roxanne on level 4 of the Snake Pit)
 54990 | Snake:5  | Entered Level 5 of the Snake Pit
 55020 | Snake:5  | Identified a -2 rod of inaccuracy (12/12) (You found it on level 5 of the Snake Pit)
 56576 | Snake:5  | Got a serpentine rune of Zot
 56786 | Snake:4  | Noticed Fluffy's illusion
 57008 | Snake:4  | Killed Fluffy's illusion
 57073 | Snake:4  | Killed Mara
 57622 | Vaults:1 | Entered Level 1 of the Vaults
 58778 | Vaults:2 | Reached XP level 24. HP: 195/195 MP: 36/36
 58904 | Vaults:2 | Found Vaorid's Antique Armour Shoppe.
 58913 | Vaults:2 | Bought a slimy chain mail for 313 gold pieces
 58923 | Vaults:2 | Identified the +1 chain mail of the Beggar {rF+ rN+} (You bought it in a shop on level 2 of the Vaults)
 58962 | Vaults:2 | Noticed Wiglaf
 59020 | Vaults:2 | Killed Wiglaf
 59606 | Vaults:2 | Found a deep blue altar of Sif Muna.
 59857 | Vaults:2 | Found a staircase to the Crypt.
 59857 | Vaults:2 | Found a basalt altar of Yredelemnul.
 59858 | Vaults:2 | Found an ancient bone altar of Kikubaaqudgha.
 60370 | Vaults:3 | Found Ibahem's Distillery.
 60400 | Vaults:3 | Bought a potion of curing for 54 gold pieces
 60400 | Vaults:3 | Bought a potion of beneficial mutation for 630 gold pieces
 60400 | Vaults:3 | Bought a potion of curing for 54 gold pieces
 60400 | Vaults:3 | Bought a potion of curing for 54 gold pieces
 60400 | Vaults:3 | Bought a potion of heal wounds for 90 gold pieces
 60400 | Vaults:3 | Bought a potion of curing for 54 gold pieces
 60400 | Vaults:3 | Bought 2 potions of curing for 108 gold pieces
 60401 | Vaults:3 | Gained mutation: Your muscles are strong. (Str +2) [potion of beneficial mutation]
 60407 | Vaults:3 | Found Ytasmul's Food Shoppe.
 60489 | Vaults:3 | Reached skill level 19 in Invocations
 60913 | Vaults:3 | Found Joamus's Food Boutique.
 60969 | Vaults:3 | Noticed Jory
 61141 | Vaults:3 | Noticed Boris
 61196 | Vaults:3 | Killed Boris
 61286 | Vaults:3 | Found Nuykhas's Distillery.
 61779 | Vaults:3 | Found Vopreika's Food Shop.
 61902 | Vaults:3 | Got a pair of faintly humming boots
 61913 | Vaults:3 | Identified the +1 pair of boots of the Many Places {-Tele rN+ Slay+3} (You found it on level 3 of the Vaults)
 63093 | Vaults:4 | Reached XP level 25. HP: 181/204 MP: 36/36
 63187 | Vaults:4 | HP: 7/204 [stone giant (8)]
 63189 | Vaults:4 | Mangled by a stone giant

Action                   |  1- 3 |  4- 6 |  7- 9 | 10-12 | 13-15 | 16-18 | 19-21 | 22-24 | 25-27 || total
-------------------------+-------+-------+-------+-------+-------+-------+-------+-------+-------++-------
Melee: Long sword        |   113 |    74 |   114 |       |    31 |   203 |       |       |       ||   535
       Falchion          |       |       |    80 |       |       |       |       |       |       ||    80
       Hammer            |       |       |    91 |   458 |  1385 |  2048 |  2054 |  3680 |    83 ||  9799
       Unarmed           |       |       |       |       |       |       |    11 |       |       ||    11
       Scimitar          |       |       |       |       |       |       |    25 |   376 |       ||   401
Invok: Divine Shield     |       |       |       |     3 |     7 |    11 |     9 |    12 |     1 ||    43
       Cleansing Flame   |       |       |       |       |     2 |     3 |     3 |     1 |       ||     9
       Summon Divine War |       |       |       |       |       |     1 |     3 |     5 |       ||     9
 Abil: Evoke Berserk Rag |       |     1 |     3 |       |       |       |       |       |       ||     4
Evoke: Wand              |       |     5 |       |     2 |       |     7 |       |     3 |     1 ||    18
  Use: Scroll            |       |       |    24 |     5 |    10 |     7 |     5 |     6 |     1 ||    58
       Potion            |       |       |     3 |     2 |       |     8 |     6 |     5 |     3 ||    27
 Stab: Fleeing           |       |       |       |       |     1 |       |       |       |       ||     1
  Eat: Chunk             |     2 |     2 |    18 |    20 |    42 |    56 |    59 |    51 |       ||   250
       Fruit             |       |       |     1 |       |       |     2 |       |    25 |       ||    28
       Pizza             |       |       |       |       |       |     2 |     1 |     3 |       ||     6
